 Dungeon Crawl Stone Soup version 0.28.0-49-g6dfe1f597d (webtiles) character file.

Game seed: 1884287818365657154

1001 issech the Cudgeller (level 8, -3/70 HPs)
             Began as a Troll Monk on May 13, 2022.
             Was a Believer of Hepliaklqana.
             Slain by a lemure (5 damage)
             ... led by Pikel
             ... while paralysed by Pikel
             ... on level 5 of the Dungeon.
             The game lasted 00:16:34 (4397 turns).

issech the Cudgeller (Troll Monk)                   Turns: 4397, Time: 00:16:35

Health: -3/70      AC:  4    Str: 26    XL:     8   Next: 0%
Magic:  7/7        EV:  1    Int:  6    God:    Hepliaklqana [**....]
Gold:   188        SH:  0    Dex: 14    Spells: 7/7 levels left

rFire   . . .      SeeInvis .   B - +5 dagger of Amorality {vorpal, Str+6}
rCold   . . .      Faith    .   (no shield)
rNeg    . . .      Spirit   .   b - +0 robe
rPois   .          Reflect  .   (helmet restricted)
rElec   .          Harm     .   (no cloak)
rCorr   .          Rampage  .   (gloves unavailable)
Will    .....                   (boots unavailable)
Stlth   ++........              (no amulet)
HPRegen 1.01/turn               (no ring)
MPRegen 0.10/turn               (no ring)

@: paralysed
A: reduced essence, large, unfitting armour, claws 3, regeneration 1, shaggy fur
1, tough skin 1
a: Renounce Religion, Recall Ancestor, Ancestor Identity


You were on level 5 of the Dungeon.
You worshipped Hepliaklqana.
Hepliaklqana was pleased with you.
You visited 2 branches of the dungeon, and saw 6 of its levels.

You collected 188 gold pieces.

Inventory:

Hand Weapons
 a - a +0 mace
 k - a +0 war axe
 l - a +0 arbalest
 m - a +0 hunting sling
 o - a +0 flail
 t - a +2 dagger of venom
 v - a +1 dagger of speed
 A - a +0 giant spiked club
 B - the +5 dagger of Amorality (weapon) {vorpal, Str+6}
   (You found it on level 5 of the Dungeon)

   It inflicts extra damage upon your enemies.
   Str:       It affects your strength (+6).
Missiles
 c - 2 javelins
 d - 58 arrows
 e - 148 stones
 g - 36 sling bullets
 p - 7 poisoned darts
 x - 3 silver boomerangs (quivered)
Armour
 b - a +0 robe (worn)
Wands
 F - a wand of polymorph (5)
Scrolls
 h - 2 scrolls of teleportation {unknown}
 q - a scroll of noise {unknown}
 r - a scroll of fear {unknown}
 s - a scroll of vulnerability {unknown}
 w - 2 scrolls of amnesia {unknown}
 y - a scroll of identify {unknown}
 z - a scroll of immolation {unknown}
 D - a scroll of blinking {unknown}
 H - a scroll of silence {unknown}
Potions
 f - a potion of degeneration {unknown}
 i - a potion of berserk rage {unknown}
 j - 2 potions of mutation {unknown}
 n - a potion of attraction {unknown}
 u - a potion of cancellation {unknown}
 C - a potion of curing {unknown}
 E - a potion of lignification {unknown}
 G - a potion of brilliance {unknown}
 I - a potion of heal wounds


   Skills:
 + Level 4.2 Fighting
 + Level 1.2 Short Blades
 + Level 0.4(3.0) Axes
 + Level 5.4 Maces & Flails
 + Level 1.7 Throwing
 + Level 4.5 Dodging
 + Level 2.0 Stealth


You had 7 spell levels left.
You didn't know any spells.
Your spell library contained the following spells:

 Spells                   Type           Power      Damage    Failure   Level
 Gell's Gravitas          Tloc           0%         N/A       83%         3
 Teleport Other           Tloc           0%         N/A       83%         3
 Airstrike                Air            0%         N/A       99%         4
 Summon Lightning Spire   Summ/Air       0%         N/A       99%         4
 Lightning Bolt           Conj/Air       0%         1d11      100%        5
 Dispersal                Tloc           0%         N/A       100%        6


Dungeon Overview and Level Annotations

Branches:
Dungeon (5/15)             Temple (1/1) D:4

Altars:
Ashenzari
Cheibriados
Dithmenos
Elyvilon
Fedhas
Gozag
Hepliaklqana
Kikubaaqudgha
Makhleb
Okawaru
Qazlal
Ru
Sif Muna
Trog
Uskayaw
Vehumet
Wu Jian
Xom
Yredelemnul
Zin
The Shining One

Shops:
D:1 [   D:2 =

Annotations:
D:5 2 runed translucent doors, Cruo's ghost, amateur MiCK; Pikel


Innate Abilities, Weirdness & Mutations

Your life essence is reduced to manifest your ancestor. (-10% HP)
You are too large for most types of armour.
You have claws for hands.
Your natural rate of healing is unusually fast.
You are covered in fur. (AC +1)
You have tough skin. (AC +1)


Message History

Titus gestures at Pikel while chanting.
The puff of frost hits Pikel.
The lemure barely misses you. The lemure hits you.
Pikel hits you with a +1 whip of freezing.
Pikel freezes you.
You hit Pikel.
Pikel is lightly wounded.
The lemure hits you. x2; Pikel closely misses you.
You hit Pikel but do no damage.
Pikel is lightly wounded.
Titus points at Pikel and mumbles some strange words.
The stone arrow misses Pikel.
The lemure hits you. The lemure barely misses you.
Pikel zaps a wand.
You suddenly lose the ability to move!
The lemure hits you but does no damage. The lemure hits you.
Pikel zaps a wand.
You resist with some effort. The lemure hits you! The lemure hits you.
Pikel hits you with a +1 whip of freezing!
Pikel freezes you.
The lemure hits you but does no damage. x2
Pikel hits you with a +1 whip of freezing.
* * * LOW HITPOINT WARNING * * *
Pikel freezes you.
* * * LOW HITPOINT WARNING * * *
The lemure hits you.
* * * LOW HITPOINT WARNING * * *
The lemure hits you but does no damage.
Pikel zaps a wand.
You shrug off the repeated paralysis!
The lemure hits you.
* * * LOW HITPOINT WARNING * * *
The lemure hits you.
* * * LOW HITPOINT WARNING * * *
Pikel hits you with a +1 whip of freezing!
* * * LOW HITPOINT WARNING * * *
Pikel freezes you.
* * * LOW HITPOINT WARNING * * *
The lemure hits you.
* * * LOW HITPOINT WARNING * * *
The lemure hits you.
You die...

#. .# #!# .. #.# .#
#.# .# ###.#####.# #
....... .# #.
#.#.###5#####.
###(.##....R@K5n....
#.........###5#.....
#.#..###........ ...
#.. #.####.#... . #
.###.# .##...# . ..
#. ..##.# .# ..## .#
.. #. #.##.# .# ...
.. .. #. #.##.## ..
## #. ..
#.###.##..### .. #.
..


You could see the friendly Titus the battlemage, Pikel (ally target), 3 lemures
and a necrophage.

Vanquished Creatures
  Sigmund (D:4)
  An ice beast (D:5)
  An ogre (D:4)
  An orc priest (D:5)
  2 gnoll shamans (D:4)
  An iguana (D:5)
  Ijyb (D:5)
  An orc wizard (D:5)
  6 gnolls
  5 adders
  A worm (D:2)
  3 dart slugs
  8 orcs
  8 endoplasms
  5 giant cockroaches
  4 goblins
  8 hobgoblins
  9 kobolds
  6 quokkas
  9 ball pythons
  5 bats
  A frilled lizard (D:1)
  6 rats
93 creatures vanquished.

Vanquished Creatures (collateral kills)
  An ice beast (D:5)
  A phantom (D:5)
  A hound (D:5)
  A gnoll shaman (D:4)
  An iguana (D:5)
  3 gnolls (D:4)
  An adder (D:4)
  7 orcs (D:5)
  2 hobgoblins (D:4)
  A quokka (D:4)
  2 ball pythons (D:4)
21 creatures vanquished.

Grand Total: 114 creatures vanquished

Notes
Turn   | Place    | Note
-------+----------+-------------------------------------------
     0 | D:1      | issech the Troll Monk began the quest for the Orb.
     0 | D:1      | Reached XP level 1. HP: 22/22 MP: 0/0
   163 | D:1      | Reached skill level 3 in Maces & Flails
   191 | D:1      | Reached XP level 2. HP: 29/29 MP: 1/1
   459 | D:1      | Found a faded altar of an unknown god.
   741 | D:1      | Found Uzadwude's Armour Shoppe.
   777 | D:2      | Reached XP level 3. HP: 20/36 MP: 2/2
  1306 | D:2      | Found a blossoming altar of Fedhas.
  1319 | D:2      | Reached XP level 4. HP: 44/44 MP: 3/3
  1553 | D:2      | Found Gauxt's Jewellery Emporium.
  2645 | D:4      | Reached skill level 1 in Throwing
  2833 | D:4      | Noticed Sigmund
  2855 | D:4      | HP: 1/44 [something (10)]
  2958 | D:4      | Found a staircase to the Ecumenical Temple.
  2975 | D:4      | Reached skill level 4 in Maces & Flails
  2975 | D:4      | Reached XP level 5. HP: 34/52 MP: 4/4
  3129 | Temple   | Entered the Ecumenical Temple
  3283 | Temple   | Became a worshipper of Hepliaklqana the Forgotten
  3283 | Temple   | Reached * piety under Hepliaklqana
  3283 | Temple   | Reached ** piety under Hepliaklqana
  3284 | Temple   | Remembered your ancestor Titus as a battlemage
  3443 | D:4      | Reached XP level 6. HP: 14/54 MP: 5/5
  3762 | D:4      | Killed Sigmund
  3795 | D:4      | Reached XP level 7. HP: 60/60 MP: 6/6
  3932 | D:5      | Entered Level 5 of the Dungeon
  3950 | D:5      | Reached skill level 5 in Maces & Flails
  3968 | D:5      | Identified the +5 dagger of Amorality {vorpal, Str+6}
  4016 | D:5      | Reached skill level 1 in Short Blades
  4058 | D:5      | Noticed Ijyb
  4067 | D:5      | Killed Ijyb
  4355 | D:5      | Found a large runed translucent door.
  4355 | D:5      | Found a large runed translucent door.
  4357 | D:5      | Noticed Cruo's ghost (amateur MiCK)
  4381 | D:5      | Noticed Pikel
  4384 | D:5      | Reached XP level 8. HP: 70/70 MP: 7/7
  4391 | D:5      | Paralysed by Pikel for 6 turns
  4396 | D:5      | HP: 2/70 [Pikel/+1 whip of freezing (2)]
  4397 | D:5      | Slain by a lemure

Illustrated notes

Levels and vault maps discovered:
D:1:      wheals_arrival_shading, layout_loops_ring, serial_shops,
          nicolae_shop_trees, shapermc_ecumenical_altar_notcrosses
D:2:      layout_basic, serial_shops, nicolae_lakefront_shop, basic_altar,
          chequers_serial_rivers_room_a, moated_statue,
          amcnicky_mini_rare_corridor_liquid
D:3:      layout_basic
D:4:      layout_loops_ring, minmay_temple_entry_fiery, abandoned_shop,
          minmay_mini_jars, uniq_sigmund
D:5:      layout_loops_ring, ebering_ghost_disaster_area,
          uniq_crazy_yiuf_cottage, uniq_ijyb, uniq_pikel
Temple:   kilobyte_greek_temple

Skill      XL: |  1  2  3  4  5  6  7 |
---------------+----------------------+-----
Maces & Flails | 3 4 5 |  5.4
Dodging        | 3 4 |  4.5
Throwing       | 1 |  1.7
Fighting       | 3 4 |  4.2
Short Blades   | 1 |  1.2
Stealth        | 2 |  2.0
Axes           | |  0.4

Action                   |  1- 3 |  4- 6 |  7- 9 || total
-------------------------+-------+-------+-------++-------
Melee: Mace              |    80 |       |       ||    80
       Punch             |     1 |     1 |       ||     2
       War axe           |    17 |    33 |       ||    50
       Flail             |       |   107 |       ||   107
       Dagger            |       |    25 |    44 ||    69
       Unarmed           |       |       |     1 ||     1
Throw: Stone             |     6 |    45 |       ||    51
       Javelin           |     3 |       |       ||     3
       Boomerang         |       |     3 |       ||     3
Invok: Ancestor Life: Ba |       |     1 |       ||     1
 Stab: Sleeping          |     1 |     3 |     3 ||     7
       Distracted        |       |     1 |     1 ||     2
Armor: Robe              |    45 |    53 |     8 ||   106
Dodge: Dodged            |    56 |   129 |    24 ||   209
